 Dungeon Crawl Stone Soup version 0.17.1-1-g73c8601 (webtiles) character file.

16 Jetien the Firebug (level 2, 0/19 HPs)
             Began as a Human Fire Elementalist on Dec 25, 2015.
             Slain by an ooze (3 damage)
             ... on level 1 of the Dungeon.
             The game lasted 00:09:37 (657 turns).

Jetien the Firebug (Human Fire Elementalist)         Turns: 657, Time: 00:09:37

Health: 0/19       AC:  2    Str:  8    XL:     2   Next: 70%
Magic:  5/5        EV: 12    Int: 15    God:
Gold:   66         SH:  0    Dex: 11    Spells: 1 memorised, 4 levels left

rFire  + . .     SeeInvis .     f - +0 short sword
rCold  . . .     Clarity  .     a - +0 robe
rNeg   . . .     SustAt   .     (no shield)
rPois  .         Gourm    .     (no helmet)
rElec  .         Spirit   .     (no cloak)
rCorr  .         Warding  .     (no gloves)
rMut   .         Stasis   .     (no boots)
MR     .....                    (no amulet)
Stlth  ++........               (no ring)
                                (no ring)

@: not resistant to hostile enchantments, unstealthy
A: clumsy 1, fire resistance 1, wild magic 1
a: no special abilities


You were on level 1 of the Dungeon.
You were not hungry.

You visited 1 branch of the dungeon, and saw 2 of its levels.

You collected 66 gold pieces.

Inventory:

Hand Weapons
 f - a +0 short sword (weapon)
Armour
 a - a +0 robe (worn)
 g - a +0 pair of boots
Scrolls
 d - a scroll of teleportation {unknown}
 e - a scroll of remove curse
Books
 b - a book of Flames

   Spells                             Type                      Level
   a - Flame Tongue                   Conjuration/Fire             1
   b - Throw Flame                    Conjuration/Fire             2
   c - Conjure Flame                  Conjuration/Fire             3
   d - Inner Flame                    Hexes/Fire                   3
   e - Sticky Flame                   Conjuration/Fire             4
   f - Fireball                       Conjuration/Fire             5
Comestibles
 c - a bread ration
 h - a meat ration


   Skills:
 + Level 2.0 Dodging
 + Level 2.1 Stealth
 + Level 2.2 Spellcasting
 + Level 1.2 Conjurations
 + Level 3.4 Fire Magic


You had 4 spell levels left.
You knew the following spells:

 Your Spells              Type           Power        Failure   Level  Hunger
a - Flame Tongue          Conj/Fire      ##...        22%         1    #......


Dungeon Overview and Level Annotations

Branches:
Dungeon (2/15)

Altars:

Annotations:
D:2 Jessica


Innate Abilities, Weirdness & Mutations

You are clumsy. (Dex -2)
Your flesh is heat resistant.
Your spells are a little harder to cast, but a little more powerful.


Message History

Jessica shouts, "You're disturbing me!
I'll have to kill you!"
There is a stone staircase leading up here.
The bat hits you.
You climb upwards.
There is a stone staircase leading down here.
There is a stone staircase leading down here.
You climb downwards.
Level annotation: Jessica The ooze barely misses you.
The bat hits you but does no damage.
There is a stone staircase leading up here.
The bat barely misses you.
Jessica points at you and mumbles some strange words.
Pain shoots through your body!
Ouch! That really hurt!
* * * LOW HITPOINT WARNING * * *
The ooze hits you but does no damage.
You climb upwards.
There is a stone staircase leading down here.
The bat misses you. The ooze hits you.
You die...

<....+...# #........#.......#
.....#...# #........#.###.#.#
....###.## #........#.# #.#.#
..#####'# #........#.###.#.#
+###....### #........#.....#.#
.##.......## #........#.......#
.#.........# #........#.#####.#
.'....)....###.J......#.......#
.#.........#.(.b@.....#######.#
.#........##.########## #.#
'####...###..# #.#
.########...## #.#
...#......### #.# ##...######
#.### ##### #.... #####


You could see an ooze and a bat.

Vanquished Creatures
  A giant gecko (D:1)
  A giant cockroach (D:2)
  A goblin (D:1)
  2 hobgoblins (D:1)
  A bat (D:2)
  A giant newt (D:1)
  5 kobolds
  3 rats
15 creatures vanquished.

Notes
Turn   | Place    | Note
--------------------------------------------------------------
     0 | D:1      | Jetien the Human Fire Elementalist began the quest for the Orb.
     0 | D:1      | Reached XP level 1. HP: 13/13 MP: 3/3
   202 | D:1      | Reached XP level 2. HP: 19/19 MP: 3/5
   274 | D:1      | Gained mutation: Your flesh is heat resistant. [potion of mutation]
   274 | D:1      | Gained mutation: You are clumsy. (Dex -2) [potion of mutation]
   274 | D:1      | Gained mutation: Your spells are a little harder to cast, but a little more powerful. [potion of mutation]
   340 | D:1      | You fall through a shaft!
   640 | D:2      | Noticed Jessica
   657 | D:1      | Slain by an ooze

Action                   || total
-------------------------++-------
Melee: Unarmed           ||     5
       Short sword       ||     1
 Cast: Flame Tongue      ||    26
  Use: Potion            ||     3
       Scroll            ||     1
